 Dungeon Crawl Stone Soup version 0.29.1-1-gd02db6906a (webtiles) character file.

Game seed: 2797904744290590819

2509 sanboga the Cleaver (level 9, -9/72 (73) HPs)
             Began as a Minotaur Monk on Oct 1, 2022.
             Was a Believer of Hepliaklqana.
             Mangled by Sinveran's ghost (17 damage)
             ... on level 7 of the Dungeon.
             The game lasted 00:12:02 (8025 turns).

sanboga the Cleaver (Minotaur Monk)                 Turns: 8025, Time: 00:12:02

HP:   -9/72 (73)    AC: 11    Str: 20    XL:     9   Next: 28%
MP:   0/8           EV:  9    Int:  7    God:    Hepliaklqana [**....]
Gold: 544           SH:  0    Dex: 13    Spells: 8/8 levels left

rFire   . . .      SeeInvis .   p - +0 war axe
rCold   + . .      Faith    .   (no shield)
rNeg    . . .      Spirit   +   o - +1 chain mail {rC+}
rPois   +          Reflect  .   (helmet restricted)
rElec   .          Harm     .   (no cloak)
rCorr   .          Rampage  .   (no gloves)
Will    .....                   (no boots)
Stlth   ..........              r - amulet of guardian spirit
HPRegen 0.22/turn               n - ring of poison resistance
MPRegen 0.11/turn               m - ring of flight

@: flying, lightly drained
A: reduced essence, horns 2, retaliatory headbutt
a: Renounce Religion, Recall Ancestor, Ancestor Identity


You were on level 7 of the Dungeon.
You worshipped Hepliaklqana.
Hepliaklqana was pleased with you.
You visited 2 branches of the dungeon, and saw 8 of its levels.

You collected 544 gold pieces.

Inventory:

Hand Weapons
 p - a +0 war axe (weapon)
Armour
 o - a +1 chain mail of cold resistance (worn)
Jewellery
 m - a ring of flight (right hand)
 n - a ring of poison resistance (left hand)
 r - an amulet of guardian spirit (around neck)
Scrolls
 b - 6 scrolls of teleportation
 d - a scroll of blinking
 i - a scroll of fog {unknown}
 q - 2 scrolls of identify
 s - a scroll of brand weapon
Potions
 a - a potion of berserk rage
 c - a potion of ambrosia
 e - 2 potions of heal wounds
 f - a potion of magic
 g - 2 potions of curing
 h - 2 potions of resistance
 j - 4 potions of mutation
 k - a potion of cancellation
 l - a potion of invisibility


   Skills:
 + Level 8.4 Fighting
 * Level 11.2 Axes
 + Level 7.3 Armour
 - Level 3.2 Dodging
 - Level 1.5 Stealth


You had 8 spell levels left.
You didn't know any spells.
Your spell library contained the following spells:

 Spells                   Type           Power      Damage    Failure   Level
 Ensorcelled Hibernation  Hex/Ice        0%         N/A       99%         2
 Frozen Ramparts          Ice            0%         1d1       100%        3
 Spider Form              Tmut/Pois      0%         N/A       100%        3
 Summon Guardian Golem    Hex/Summ       0%         N/A       100%        3
 Tukima's Dance           Hex            0%         N/A       100%        3
 Anguish                  Hex/Necr       0%         N/A       100%        4
 Animate Dead             Necr           0%         N/A       100%        4
 Ice Form                 Ice/Tmut       0%         N/A       100%        4
 Passage of Golubria      Tloc           0%         N/A       100%        4
 Petrify                  Tmut/Erth      0%         N/A       100%        4
 Summon Ice Beast         Ice/Summ       0%         N/A       100%        4
 Metabolic Englaciation   Hex/Ice        0%         N/A       100%        5
 Yara's Violent Unravell  Hex/Tmut       0%         3d3       100%        5
 Statue Form              Tmut/Erth      0%         N/A       100%        6
 Haunt                    Necr/Summ      0%         N/A       100%        7
 Orb of Destruction       Conj           0%         9d5       100%        7
 Spellforged Servitor     Conj/Summ      0%         N/A       100%        7
 Infestation              Necr           0%         N/A       100%        8


Dungeon Overview and Level Annotations

Branches:
Dungeon (7/15)             Temple (1/1) D:6

Altars:
Ashenzari
Cheibriados
Dithmenos
Elyvilon
Gozag
Hepliaklqana
Kikubaaqudgha
Makhleb
Nemelex Xobeh
Okawaru
Qazlal
Ru
Sif Muna
Trog
Uskayaw
Vehumet
Wu Jian
Xom
Yredelemnul
Zin
The Shining One

Shops:
D:6 (   D:7 (

Annotations:
D:5 2 runed translucent doors, Fractals's ghost, novice KoWn
D:7 Sinveran's ghost, novice BaFi


Innate Abilities, Weirdness & Mutations

Your life essence is reduced to manifest your ancestor. (-10% HP)
You have a pair of horns on your head.
You reflexively headbutt those who attack you in melee.


Message History

Sinveran's ghost barely misses you.
You catch the helpless Sinveran's ghost completely off-guard!
You hit Sinveran's ghost but do no damage.
You headbutt Sinveran's ghost, but do no damage.
Sinveran's ghost is lightly damaged.
Sinveran's ghost hits you but does no damage.
You strike the helpless Sinveran's ghost from behind!
You hit Sinveran's ghost.
You headbutt Sinveran's ghost, but do no damage.
Sinveran's ghost is lightly damaged.
Sinveran's ghost utters, "No lamp to guide me anymore..."
You hit Sinveran's ghost but do no damage.
Sinveran's ghost is lightly damaged.
Sinveran's ghost is no longer blind.
Sinveran's ghost hits you.
You hit Sinveran's ghost but do no damage.
Your headbutt misses Sinveran's ghost.
Sinveran's ghost is lightly damaged.
Sinveran's ghost hits you!
You hit Sinveran's ghost but do no damage.
Sinveran's ghost is lightly damaged.
Sinveran's ghost closely misses you.
You hit Sinveran's ghost but do no damage.
Sinveran's ghost is lightly damaged.
Sinveran's ghost hits you!
Sinveran's ghost attacks as you move away!
Sinveran's ghost hits you but does no damage.
There is a stone staircase leading down here.
Sinveran's ghost attacks as you move away!
Sinveran's ghost closely misses you.
Sinveran's ghost attacks as you move away!
Sinveran's ghost hits you!
* * * LOW HITPOINT WARNING * * *
Sinveran's ghost attacks as you move away!
Sinveran's ghost barely misses you.
Sinveran's ghost attacks as you move away!
Sinveran's ghost hits you!
* * * LOW HITPOINT WARNING * * *
Sinveran's ghost attacks as you move away!
Sinveran's ghost hits you!!
You die...

#.......# #># ######### #.# #.#
#.############### #####
#...............#
#...###.##.##...#####.#
#.#.....(...#...# #.# #####
#...###W##..#.>.#####.#
#...######.###.@.#.........##.#
#.#........##...........##.##.#
#.))##########...#####..##.##.#
##)## ##.######........# #)#
#......[..##.#### #.#
#.##########.# #.# ##+## #)#
#.# ##...## #.# ###.####
##.....## ##.##


You could see Sinveran's ghost.

Vanquished Creatures
  A water moccasin (D:6)
  An ice beast (D:7)
  A black bear (D:5)
  5 ogres
  A centaur (D:5)
  A phantom (D:5)
  A kobold brigand (D:7)
  A bullfrog (D:6)
  A scorpion (D:6)
  5 wights (D:7)
  A howler monkey (D:7)
  8 hounds
  A jelly (D:5)
  An orc priest (D:6)
  Jessica (D:2)
  4 iguanas
  Terence (D:3)
  3 orc wizards
  2 gnolls
  6 adders
  8 river rats (D:5)
  2 white imps
  3 dart slugs
  21 orcs
  10 endoplasms
  4 giant cockroaches
  4 goblins
  9 hobgoblins
  3 jackals (D:5)
  12 kobolds
  15 quokkas
  6 ball pythons
  8 bats
  4 frilled lizards
  25 rats
180 creatures vanquished.

Vanquished Creatures (collateral kills)
  An ogre (D:7)
  A kobold brigand (D:7)
  A gnoll sergeant (D:7)
  2 iguanas (D:7)
  3 gnolls (D:7)
  2 kobolds (D:7)
10 creatures vanquished.

Vanquished Creatures (others)
  3 hexers (D:7)
3 creatures vanquished.

Grand Total: 193 creatures vanquished

Notes
Turn   | Place    | Note
-------+----------+-------------------------------------------
     0 | D:1      | sanboga the Minotaur Monk began the quest for the Orb.
     0 | D:1      | Reached XP level 1. HP: 19/19 MP: 0/0
   120 | D:1      | Found a faded altar of an unknown god.
   308 | D:1      | Reached skill level 4 in Axes
   308 | D:1      | Reached skill level 1 in Armour
   308 | D:1      | Reached XP level 2. HP: 25/27 MP: 1/1
   643 | D:1      | Reached XP level 3. HP: 33/33 MP: 2/2
  1172 | D:2      | Reached XP level 4. HP: 40/40 MP: 3/3
  1220 | D:2      | Reached skill level 5 in Axes
  1403 | D:2      | Noticed Jessica
  1407 | D:2      | Killed Jessica
  1575 | D:3      | Noticed Terence
  1579 | D:3      | Killed Terence
  1749 | D:3      | Reached XP level 5. HP: 45/47 MP: 4/4
  2533 | D:4      | Found an opulent altar of Gozag.
  2915 | D:4      | Reached skill level 6 in Axes
  3195 | D:5      | Entered Level 5 of the Dungeon
  3199 | D:5      | Noticed a centaur
  3203 | D:5      | Noticed an ogre
  3220 | D:4      | Reached skill level 5 in Fighting
  3503 | D:5      | Killed a centaur
  3504 | D:5      | Reached XP level 6. HP: 40/56 MP: 5/5
  3524 | D:5      | Reached skill level 7 in Axes
  3690 | D:5      | Reached XP level 7. HP: 34/62 MP: 6/6
  3883 | D:5      | Reached skill level 8 in Axes
  4162 | D:5      | Reached skill level 5 in Armour
  4266 | D:5      | Found a large runed translucent door.
  4267 | D:5      | Found a large runed translucent door.
  4267 | D:5      | Noticed Fractals's ghost (novice KoWn)
  4502 | D:5      | Reached XP level 8. HP: 66/71 MP: 7/7
  5055 | D:6      | Reached skill level 9 in Axes
  5256 | D:6      | Found a burning altar of Makhleb.
  5689 | D:6      | Found Kaqat's Antique Weapon Boutique.
  5777 | D:6      | Found a staircase to the Ecumenical Temple.
  5794 | D:6      | Reached skill level 10 in Axes
  6059 | Temple   | Entered the Ecumenical Temple
  6059 | Temple   | Found a transporter.
  6059 | Temple   | Found a transporter.
  6062 | Temple   | Found a transporter.
  6062 | Temple   | Found a transporter.
  6094 | Temple   | Became a worshipper of Hepliaklqana the Forgotten
  6094 | Temple   | Reached * piety under Hepliaklqana
  6094 | Temple   | Reached ** piety under Hepliaklqana
  6112 | D:6      | Remembered your ancestor Scorb as a hexer
  6845 | D:7      | Reached XP level 9. HP: 68/72 MP: 8/8
  6863 | D:7      | Found Kint's Weapon Shop.
  7117 | D:7      | Found a runed translucent door.
  7117 | D:7      | Noticed Sinveran's ghost (novice BaFi)
  7299 | D:7      | Reached skill level 11 in Axes
  8025 | D:7      | Mangled by Sinveran's ghost

Illustrated notes

Levels and vault maps discovered:
D:1:      lemuel_arrival_behind_the_door_small, layout_loops_ring,
          ebering_ecumenical_altar_box, hangedman_decor_riveting,
          dk_noncrumbling_2
D:2:      layout_basic, nrook_campfire, minmay_close_crescents, uniq_jessica
D:3:      layout_basic, uniq_terence
D:4:      cheibrodos_quashed, layout_basic, lemuel_round_altar
D:5:      lemuel_ratsnest, layout_cave_pools, ebering_ghost_disaster_area
D:6:      layout_loops_ring, mainiacjoe_overflow_chevrons,
          minmay_temple_entry_trees, serial_shops, nicolae_shop_trees,
          kennysheep_small_spiral, abandoned_shop
D:7:      layout_loops_corners, gammafunk_ghost_grave, serial_shops, shop
Temple:   hellmonk_temple_divided_pantheon

Skill      XL: |  1  2  3  4  5  6  7  8  9 |
---------------+----------------------------+-----
Axes           | 4 5 6 7 8 10 11 | 11.2
Armour         | 1 2 3 4 5 6 7 |  7.3
Fighting       | 4 5 6 7 8 |  8.4
Dodging        | |  3.2
Stealth        | |  1.5

Action                   |  1- 3 |  4- 6 |  7- 9 || total
-------------------------+-------+-------+-------++-------
Melee: Hand axe          |    52 |       |       ||    52
       Headbutt          |    14 |    16 |    43 ||    73
       Punch             |     1 |     2 |     4 ||     7
       War axe           |    13 |   103 |   245 ||   361
Invok: Ancestor Life: He |       |       |     1 ||     1
       Ancestor Identity |       |       |     1 ||     1
Evoke: Wand              |       |       |     1 ||     1
  Use: Scroll            |       |    15 |     6 ||    21
       Potion            |       |     3 |     4 ||     7
 Stab: Sleeping          |     1 |       |       ||     1
       Invisible         |       |     1 |     3 ||     4
       Confused          |       |       |     1 ||     1
Armor: Robe              |     3 |       |       ||     3
       Scale mail        |    20 |    62 |    85 ||   167
       Chain mail        |       |       |    24 ||    24
Dodge: Dodged            |    35 |    75 |   130 ||   240
